 Dungeon Crawl Stone Soup version 0.17-a0-1-g1f4be75 (webtiles) character file.

1244 PolkaDot the Martial Artist (level 8, 0/57 HPs)
             Began as an Octopode Monk on Mar 5, 2015.
             Was a Priest of Qazlal.
             Killed from afar by an orc warrior (19 damage)
             ... with a wand of fire
             ... on level 6 of the Dungeon.
             The game lasted 00:09:59 (5491 turns).

PolkaDot the Martial Artist (Octopode Monk)         Turns: 5491, Time: 00:10:00

Health: 0/57       AC:  1    Str: 11    XL:     8   Next: 50%
Magic:  8/8        EV: 15    Int: 12    God:    Qazlal [***...]
Gold:   348        SH:  3    Dex: 16    Spells: 0 memorised, 7 levels left

rFire  . . .     SeeInvis +       - Unarmed
rCold  + . .     Clarity  .     (no shield)
rNeg   . . .     SustAb   .     (helmet restricted)
rPois  .         Gourm    .     (no amulet)
rElec  .         Spirit   .     a - ring of see invisible
rCorr  .         Warding  .     e - ring of protection from cold
rMut   .         Stasis   .     (no ring)
MR     .....                    (no ring)
Stlth  +++.......               (no ring)
                                (no ring)
                                (no ring)
                                (no ring)

@: not resistant to hostile enchantments, fairly stealthy
A: almost no armour, amphibious, 8 rings, constrict 8, tentacle spike 1,
camouflage 1, gelatinous body 1
a: Upheaval, Elemental Force, Renounce Religion


You were on level 6 of the Dungeon.
You worshipped Qazlal.
Qazlal was most pleased with you.
You were not hungry.

You visited 1 branch of the dungeon, and saw 6 of its levels.

You collected 348 gold pieces.

Inventory:

Jewellery
 a - a ring of see invisible (left tentacle)
 e - a ring of protection from cold (right tentacle)
Magical devices
 l - a wand of slowing (14)
 n - a wand of random effects (22)
 t - a wand of draining (3)
Scrolls
 c - a scroll of blinking
 j - a scroll of recharging {unknown}
 m - a scroll of random uselessness {unknown}
 o - 3 scrolls of fog
 q - 2 scrolls of magic mapping {unknown}
 r - 2 scrolls of remove curse {unknown}
 s - 2 scrolls of enchant weapon {unknown}
 w - a scroll of fear {unknown}
Potions
 d - 3 potions of brilliance
 f - 3 potions of curing
 x - a potion of ambrosia
Comestibles
 b - 5 bread rations
 g - a chunk of flesh
 h - 7 meat rations
 i - a beef jerky
 k - 3 royal jellies
 p - 2 slices of pizza


   Skills:
 + Level 5.8 Fighting
 + Level 5.7 Dodging
 - Level 2.6 Stealth
 * Level 8.1 Unarmed Combat


You had 7 spell levels left.
You didn't know any spells.

Dungeon Overview and Level Annotations

Branches:
Dungeon (6/15)
 Temple: D:4-7

Altars:
Ashenzari
Kikubaaqudgha
Makhleb
Nemelex Xobeh
Qazlal
Xom

Shops:
D:5 [


Innate Abilities, Weirdness & Mutations

You cannot wear most types of armour.
You are amphibious.
You can wear up to eight rings at the same time.
You can use your tentacles to constrict many enemies at once.
Your skin changes colour to match your surroundings (Stealth).
Your rubbery body absorbs attacks (AC +1).
One of your tentacles bears a spike.


Message History

The orc shouts!
An orc warrior comes into view. It is wielding a glaive.
The orc warrior zaps a wand.
The bolt of fire misses you.
It is a wand of fire.
The orc warrior zaps a wand.
The bolt of fire hits the orc.
The orc dies!
The bolt of fire hits you!
* * * LOW HITPOINT WARNING * * *
You are too injured to fight recklessly!
You are too injured to fight recklessly!
Drink which item? (? for menu, Esc to quit)
It was a potion of mutation.
You feel extremely strange.
One of your lower tentacles grows a sharp spike.
You feel frail.
You feel stronger.
The orc warrior zaps a wand.
The bolt of fire hits you!
* * * LOW HITPOINT WARNING * * *
Drink which item? (? for menu, Esc to quit)
It was a potion of cure mutation.
It has a very clean taste.
You feel robust.
You feel weaker.
The orc warrior zaps a wand.
The bolt of fire hits you!
You die...

............#...........
####..###'###..........
####..###..###'####'###
...............o.....
....................
..................
...............).
##+######..####§.#
..[....##..####.@####
.......'.<.....§....#
.......#............#
...>...#............+....
.......###+####..........
####+#......###..####.###
#......'...........
+.................
#......#..........


You could see an orc warrior.

Vanquished Creatures
  2 ice beasts
  A black bear (D:4)
  2 phantoms
  Sigmund (D:5)
  A scorpion (D:4)
  A centaur zombie (D:5)
  An iguana (D:4)
  5 orc wizards
  3 hounds
  Natasha (thrice) (D:6)
  4 orc priests
  Ijyb (D:3)
  A worker ant zombie (D:5)
  6 adders
  2 giant mites
  3 worms
  A giant gecko (D:3)
  13 orcs
  10 bats
  7 goblins
  7 hobgoblins
  9 jackals
  10 kobolds
  2 quokkas (D:3)
  2 ball pythons
  5 giant cockroaches
  A giant gecko skeleton (D:4)
  8 giant newts
  22 rats
134 creatures vanquished.

Vanquished Creatures (others)
  An orc (D:6)
1 creature vanquished.

Grand Total: 135 creatures vanquished

Notes
Turn   | Place    | Note
--------------------------------------------------------------
     0 | D:1      | PolkaDot, the Octopode Monk, began the quest for the Orb.
     0 | D:1      | Reached XP level 1. HP: 16/16 MP: 1/1
   100 | D:1      | Reached XP level 2. HP: 21/21 MP: 2/2
   491 | D:1      | Reached XP level 3. HP: 26/26 MP: 3/3
  1002 | D:2      | Reached XP level 4. HP: 28/33 MP: 4/4
  1732 | D:3      | Reached skill level 5 in Unarmed Combat
  1916 | D:3      | Noticed Ijyb
  1923 | D:3      | Killed Ijyb
  1923 | D:3      | Reached XP level 5. HP: 37/37 MP: 5/5
  1947 | D:3      | Found a sparkling altar of Nemelex Xobeh.
  2595 | D:4      | Noticed a fire elemental
  2597 | D:4      | Found a stormy altar of Qazlal.
  2598 | D:4      | Noticed a water elemental
  2598 | D:4      | Noticed an air elemental
  2621 | D:4      | Became a worshipper of Qazlal Stormbringer
  2621 | D:4      | Acquired Qazlal's first power
  2621 | D:4      | Acquired Qazlal's second power
  2636 | D:4      | Found a burning altar of Makhleb.
  2662 | D:4      | Reached XP level 6. HP: 36/43 MP: 6/6
  2762 | D:4      | Reached skill level 6 in Unarmed Combat
  2914 | D:4      | Noticed a black bear
  2920 | D:4      | Killed a black bear
  3192 | D:4      | Found a shattered altar of Ashenzari.
  3387 | D:4      | Found an ancient bone altar of Kikubaaqudgha.
  3547 | D:4      | Reached XP level 7. HP: 47/49 MP: 7/7
  3776 | D:5      | Entered Level 5 of the Dungeon
  3790 | D:5      | Found a stormy altar of Qazlal.
  3800 | D:5      | Reached skill level 5 in Fighting
  3901 | D:5      | Noticed Sigmund
  3928 | D:5      | Killed Sigmund
  3928 | D:5      | Reached skill level 5 in Dodging
  4021 | D:5      | Reached skill level 7 in Unarmed Combat
  4141 | D:5      | Reached XP level 8. HP: 12/56 MP: 8/8
  4411 | D:5      | Found Viurrela's Antique Armour Shop.
  4820 | D:5      | Found a shimmering altar of Xom.
  5113 | D:6      | Noticed Natasha
  5120 | D:6      | Killed Natasha
  5382 | D:6      | Reached skill level 8 in Unarmed Combat
  5405 | D:6      | Noticed Natasha
  5415 | D:6      | Killed Natasha
  5445 | D:6      | Noticed Natasha
  5449 | D:6      | Killed Natasha
  5449 | D:6      | Acquired Qazlal's third power
  5490 | D:6      | Gained mutation: One of your tentacles bears a spike. [potion of mutation]
  5490 | D:6      | Gained mutation: You are frail (-10% HP). [potion of mutation]
  5490 | D:6      | Gained mutation: Your muscles are strong. (Str +2) [potion of mutation]
  5491 | D:6      | Lost mutation: You are frail (-10% HP). [potion of cure mutation]
  5491 | D:6      | Lost mutation: Your muscles are strong. (Str +2) [potion of cure mutation]
  5491 | D:6      | Killed from afar by an orc warrior

Action                   |  1- 3 |  4- 6 |  7- 9 || total
-------------------------+-------+-------+-------++-------
Melee: Unarmed           |    94 |   139 |   156 ||   389
  Use: Potion            |       |     7 |     4 ||    11
       Scroll            |       |     4 |     1 ||     5
 Stab: Sleeping          |    10 |    15 |       ||    25
  Eat: Chunk             |       |     9 |     6 ||    15
